 Dungeon Crawl Stone Soup version 0.24-a0-335-g06ca16af6c (webtiles) character file.

Game seed: 14397523584810707926

2548 HAL9000 the Slicer (level 9, -1/42 HPs)
             Began as a Vine Stalker Assassin on May 18, 2019.
             Succumbed to orc warrior's curare-tipped dart
             ... on level 7 of the Dungeon.
             The game lasted 00:09:43 (5656 turns).

HAL9000 the Slicer (Vine Stalker Assassin)          Turns: 5656, Time: 00:09:44

Health: -1/42      AC: 14    Str: 15    XL:     9   Next: 56%
Magic:  5/10       EV:  9    Int: 12    God:
Gold:   424        SH:  0    Dex: 17    Spells: 8/8 levels left

rFire    + . .     SeeInvis .   i - +2 short sword (venom)
rCold    . . .     Gourm    .   (no shield)
rNeg     . . .     Faith    .   s - +2 scale mail {rF+}
rPois    .         Spirit   +   t - +2 hat
rElec    .         Reflect  .   c - +0 cloak
rCorr    .         Harm     .   A - +2 pair of gloves
MR       +....                  (no boots)
Stlth    ++........             (no amulet)
HPRegen  0.54/turn              v - +5 ring of slaying
MPRegen  0.12/turn              (no ring)

@: lethally poisoned (-1 -> -17), about to teleport, slowed, very slow
A: fangs 3, regeneration 1, magic shield, antimagic bite, no potion heal 3, rot
immunity
a: no special abilities


You were on level 7 of the Dungeon.
You were not hungry.

You visited 1 branch of the dungeon, and saw 7 of its levels.
You also visited: Ossuary.

You collected 424 gold pieces.

Inventory:

Hand Weapons
 a - a +2 dagger
 i - a +2 short sword of venom (weapon)
Missiles
 d - 61 poisoned darts
 C - a curare-tipped dart (quivered)
Armour
 c - a +0 cloak (worn)
 m - the +0 pair of gloves of Greed {Regen+ SInv Stlth-}
   (You found it on level 6 of the Dungeon)

   It lets you see invisible.
   It increases your rate of regeneration.
   It makes you less stealthy.
 s - a +2 scale mail of fire resistance (worn)
 t - a +2 hat (worn)
 y - a +0 shield
 A - a +2 pair of gloves (worn)
Jewellery
 q - an uncursed amulet of faith
 v - a +5 ring of slaying (left hand)
Wands
 H - a wand of flame (16)
Scrolls
 b - 2 scrolls of amnesia {unknown}
 k - a scroll of blinking {unknown}
 o - a scroll of enchant armour {unknown}
 p - 4 scrolls of teleportation
 r - 3 scrolls of remove curse
 z - 2 scrolls of enchant weapon
 D - 2 scrolls of fog
 G - 2 scrolls of fear {unknown}
 J - 4 scrolls of immolation {unknown}
Potions
 e - 2 potions of berserk rage
 h - 2 potions of agility
 j - 2 potions of haste
 n - 2 potions of might
 w - 2 potions of brilliance
 x - a potion of curing
 B - 2 potions of ambrosia
 F - a potion of invisibility {unknown}
 K - a potion of lignification {unknown}
Comestibles
 f - 15 rations
 l - 4 chunks of flesh


   Skills:
 - Level 1.7 Fighting
 + Level 11.5 Short Blades
 - Level 1.7 Throwing
 - Level 0.7 Dodging
 - Level 4.8 Stealth


You had 8 spell levels left.
You didn't know any spells.
Your spell library was empty.

Dungeon Overview and Level Annotations

Branches:
Dungeon (7/15)
 Temple: D:4-7

Altars:
Ashenzari
Elyvilon
Gozag
Hepliaklqana
Nemelex Xobeh
Ru
Sif Muna
Trog
Zin


Innate Abilities, Weirdness & Mutations

You have razor-sharp teeth.
Your natural rate of healing is unusually fast.
When hurt, damage is shared between your health and your magic reserves.
Your bite disrupts and absorbs the magic of your enemies.
Potions cannot restore your health.
You are immune to rotting.


Message History

You feel very sick.
The orc warrior throws a curare-tipped dart.
The curare-tipped dart barely misses you.
The orc warrior throws a curare-tipped dart.
The curare-tipped dart hits you.
You are lethally poisoned!
You have difficulty breathing.
* * * LOW HITPOINT WARNING * * *
You feel as though you will be slow longer.
You see here 2 curare-tipped darts.
* * * LOW HITPOINT WARNING * * *
You feel very sick.
Unknown command.
As you read the scroll of teleportation, it crumbles to dust.
You feel strangely unstable.
* * * LOW HITPOINT WARNING * * *
You feel very sick.
The orc wizard casts a spell.
The orc wizard blinks!
You die...

#.##. .... ### .o#. #.#
#o#.##.# #o#....## ###
#.# #...###### ###..
##o## #.......#####...#
#..(###..####^......###
#$..o.@..# #########
#...###### #...# #####


You could see an orc warrior.

Vanquished Creatures
  Pikel (D:5)
  Sigmund (D:3)
  3 slaves (D:5)
  A phantom (D:5)
  An ice beast (D:7)
  2 ogres (D:6)
  2 bullfrogs (D:6)
  4 water moccasin zombies (Ossuary)
  A howler monkey (D:6)
  2 crimson imps
  A centaur zombie (D:6)
  2 centaur skeletons
  A gnoll shaman (D:7)
  A hound (D:4)
  7 orc wizards
  2 orc priests
  A jelly (D:6)
  2 iguanas (D:6)
  Ijyb (D:5)
  Natasha (thrice) (D:2)
  5 worker ants
  3 big kobold zombies (Ossuary)
  2 hound skeletons
  2 mummies (Ossuary)
  A worker ant zombie (D:5)
  9 gnolls
  6 adders
  A howler monkey skeleton (D:4)
  An ooze (D:2)
  5 adder zombies (Ossuary)
  An adder skeleton (D:6)
  4 worms
  4 leopard geckos
  12 orcs
  5 giant cockroaches
  7 goblins
  6 hobgoblins
  16 jackals
  3 quokkas
  8 bats
  7 frilled lizards
  A giant cockroach zombie (D:5)
  4 gnoll zombies (Ossuary)
  7 hobgoblin zombies (Ossuary)
  A jackal zombie (D:5)
  9 kobolds
  4 kobold zombies (Ossuary)
  A leopard gecko zombie (D:6)
  6 orc zombies (Ossuary)
  8 rats
188 creatures vanquished.

Notes
Turn   | Place    | Note
-------+----------+-------------------------------------------
     0 | D:1      | HAL9000 the Vine Stalker Assassin began the quest for the
                  | Orb.
     0 | D:1      | Reached XP level 1. HP: 11/11 MP: 2/2
    69 | D:1      | Reached skill level 2 in Short Blades
    94 | D:1      | Reached XP level 2. HP: 2/15 MP: 0/3
   673 | D:1      | Reached skill level 3 in Short Blades
   798 | D:1      | Reached XP level 3. HP: 18/18 MP: 4/4
  1297 | D:2      | Noticed Natasha
  1303 | D:2      | Killed Natasha
  1303 | D:2      | Gained mutation: Your natural rate of healing is unusually
                  | fast. [Vine Stalker growth]
  1303 | D:2      | Reached XP level 4. HP: 23/23 MP: 5/5
  1311 | D:2      | Reached skill level 4 in Short Blades
  1323 | D:2      | Found a sacrificial altar of Ru.
  1409 | D:2      | Found a shattered altar of Ashenzari.
  1692 | D:2      | Found a sparkling altar of Nemelex Xobeh.
  1692 | D:2      | Noticed Natasha
  1693 | D:2      | Found an opulent altar of Gozag.
  1704 | D:2      | Killed Natasha
  1704 | D:2      | Reached XP level 5. HP: 25/26 MP: 4/6
  1819 | D:2      | Found a deep blue altar of Sif Muna.
  1838 | D:3      | Noticed Sigmund
  1865 | D:2      | Noticed Natasha
  1873 | D:2      | Killed Natasha
  1895 | D:3      | Found a glowing silver altar of Zin.
  1912 | D:3      | Reached skill level 5 in Short Blades
  2398 | D:3      | Killed Sigmund
  2398 | D:3      | Reached skill level 6 in Short Blades
  2398 | D:3      | Reached XP level 6. HP: 30/30 MP: 7/7
  2661 | D:4      | Found a hazy altar of Hepliaklqana.
  2704 | D:4      | Reached XP level 7. HP: 34/34 MP: 8/8
  2937 | D:4      | Reached skill level 7 in Short Blades
  3623 | D:5      | Entered Level 5 of the Dungeon
  3731 | D:5      | Noticed Ijyb
  3738 | D:5      | Killed Ijyb
  3856 | D:5      | Found a sand-covered staircase.
  3862 | Ossuary  | Entered an ossuary
  3942 | Ossuary  | Reached skill level 8 in Short Blades
  3957 | Ossuary  | Gained mutation: You have razor-sharp teeth. [Vine Stalker
                  | growth]
  3957 | Ossuary  | Reached XP level 8. HP: 35/38 MP: 7/9
  4375 | D:5      | Reached skill level 9 in Short Blades
  4395 | D:5      | Found a white marble altar of Elyvilon.
  4614 | D:5      | Noticed Pikel
  4631 | D:5      | Killed Pikel
  4631 | D:5      | Reached skill level 10 in Short Blades
  4631 | D:5      | Reached XP level 9. HP: 42/42 MP: 10/10
  4887 | D:6      | Reached skill level 11 in Short Blades
  5081 | D:6      | Got a pair of jewelled gloves
  5092 | D:6      | Identified the +0 pair of gloves of Greed {Regen+ SInv
                  | Stlth-} (You found it on level 6 of the Dungeon)
  5208 | D:6      | Noticed a moth of wrath
  5211 | D:6      | Found a bloodstained altar of Trog.
  5522 | D:7      | Found a white marble altar of Elyvilon.
  5522 | D:7      | Noticed a cyclops
  5655 | D:7      | HP: 1/42 [poisoned by orc warrior (curare-tipped dart)]
  5656 | D:7      | Succumbed to orc warrior's curare-tipped dart

Levels and vault maps discovered:
D:1:      giann_wishing_wells, layout_rooms, chequers_hall_statues_corner_a
D:2:      layout_basic, grunt_temple_overflow_opulence, lemuel_blue_sif_altar,
          ashenzari_conservatory_becter, lemuel_doored_altar, uniq_natasha
D:3:      layout_loops_ring, overflow_temple_1_default, first_ration,
          uniq_sigmund
D:4:      layout_layer_cave, overflow_temple_1_default
D:5:      layout_basic, nicolae_ossuary_entry_plus, lemuel_altar_in_water2,
          uniq_pikel, uniq_ijyb
D:6:      layout_loops_ring, tgw_trog
D:7:      layout_rooms, overflow_temple_1_default,
          minmay_temple_entry_antechambers, serial_shops, shop, grunt_ogre_cave

Skill      XL: |  1  2  3  4  5  6  7  8  9 |
---------------+----------------------------+-----
Short Blades   | 2 3 4 6 8 10 11 | 11.5
Fighting       | |  1.7
Throwing       | |  1.7
Dodging        | |  0.7
Stealth        | |  4.8

Action                   |  1- 3 |  4- 6 |  7- 9 || total
-------------------------+-------+-------+-------++-------
Melee: Dagger            |    32 |       |       ||    32
       Bite              |    15 |    20 |    88 ||   123
       Short sword       |    40 |   112 |   325 ||   477
Throw: Dart              |       |     2 |     2 ||     4
  Use: Scroll            |       |       |    14 ||    14
 Stab: Sleeping          |     8 |     7 |     4 ||    19
       Distracted        |     1 |       |     1 ||     2
  Eat: Chunk             |     1 |     5 |     6 ||    12
       Ration            |       |       |     1 ||     1
Armor: Robe              |    17 |       |       ||    17
       Leather armour    |    15 |       |       ||    15
       Scale mail        |     1 |    49 |   124 ||   174
Dodge: Dodged            |    45 |    45 |   102 ||   192

Table legend:
 A = Non-vault XP
 B = Vault XP
 C = Vault XP percentage of total XP
 D = Non-vault monster count
 E = Vault monster count
 F = Vault count percentage of total count
                 A         B        C        D         E       F
            +---------+---------+-------+---------+---------+-------
      Total |    2206 |    1434 |  39.4 |     141 |      44 |  23.8
            +---------+---------+-------+---------+---------+-------
        D:1 |      35 |       0 |   0.0 |      23 |       0 |   0.0
        D:2 |     141 |      35 |  19.9 |      28 |       1 |   3.4
        D:3 |     145 |     212 |  59.4 |      21 |       1 |   4.5
        D:4 |     241 |       0 |   0.0 |      17 |       0 |   0.0
        D:5 |     478 |     679 |  58.7 |      16 |       2 |  11.1
        D:6 |     860 |      13 |   1.5 |      27 |       5 |  15.6
        D:7 |     306 |       0 |   0.0 |       9 |       0 |   0.0
    Ossuary |       0 |     495 | 100.0 |       0 |      35 | 100.0
            +---------+---------+-------+---------+---------+-------
